 Dungeon Crawl Stone Soup version 0.30-a0-830-gfe289a77b0 (webtiles) character file.

Game seed: 16172569332318212852

210 hikkokomori the Conjurer (level 5, -7/30 HPs)
             Began as a Tengu Conjurer on Mar 1, 2023.
             Mangled by an ogre
             ... wielding a +0 giant club
              (37 damage)
             ... on level 4 of the Dungeon.
             The game lasted 00:05:35 (2331 turns).

hikkokomori the Conjurer (Tengu Conjurer)           Turns: 2331, Time: 00:05:36

Health: -7/30      AC:  2    Str:  7    XL:     5   Next: 87%
Magic:  4/9        EV: 14    Int: 19    God:
Gold:   136        SH:  0    Dex: 14    Spells: 1/8 levels left

rFire   . . .      SeeInvis .    r - +1 dagger (drain)
rCold   . . .      Faith    .    (no shield)
rNeg    . . .      Spirit   .    a - +0 robe
rPois   .          Reflect  .    (helmet restricted)
rElec   .          Harm     .    (no cloak)
rCorr   .          Rampage  .    (no gloves)
Will    .....                    (boots unavailable)
Stlth   ++                       (no amulet)
HPRegen 0.25/turn                (no ring)
MPRegen 0.11/turn                (no ring)

@: flying quickly and evasively, quick
A: beak, talons 3, nimble flight
a: no special abilities


You were on level 4 of the Dungeon.
You visited 1 branch of the dungeon, and saw 4 of its levels.

You collected 136 gold pieces.

Inventory:

Hand Weapons
 d - a +0 dagger
 f - a +0 short sword
 r - a +1 dagger of draining (weapon)
Armour
 a - a +0 robe (worn)
Jewellery
 s - a ring of ice
Wands
 p - a wand of iceblast (6)
 q - a wand of paralysis (13)
Scrolls
 e - 3 scrolls of identify {unknown}
 h - a scroll of fog {unknown}
 j - 2 scrolls of summoning {unknown}
 l - a scroll of teleportation {unknown}
 n - a scroll of immolation {unknown}
 o - a scroll of torment {unknown}
Potions
 b - a potion of magic
 c - 3 potions of haste {unknown}
 g - a potion of lignification {unknown}
 i - a potion of berserk rage {unknown}
 k - 2 potions of curing {unknown}
 m - a potion of ambrosia {unknown}
 t - a potion of might {unknown}


   Skills:
 - Level 2.2 Fighting
 - Level 2.1 Dodging
 - Level 3.3 Stealth
 - Level 2.0 Spellcasting
 + Level 6.8 Conjurations
 + Level 1.1 Hexes
 + Level 1.5 Evocations


You had one spell level left.
You knew the following spells:

 Your Spells              Type           Power      Damage    Failure   Level
a - Magic Dart            Conj           100%       1d8       1%          1
b - Searing Ray           Conj           54%        2d6       1%          2
c - Fulminant Prism       Conj/Hex       8%         3d6       32%         4

Your spell library contained the following spells:

 Spells                   Type           Power      Damage    Failure   Level
 Apportation              Tloc           2%         N/A       17%         1
 Necrotise                Necr           4%         1d4       17%         1
 Summon Small Mammal      Summ           4%         N/A       17%         1
 Dazzling Flash           Conj/Hex       34%        N/A       10%         3
 Summon Guardian Golem    Hex/Summ       4%         N/A       38%         3
 Iskenderun's Mystic Bla  Conj/Tloc      14%        2d5       38%         4
 Petrify                  Tmut/Erth      1%         N/A       86%         4
 Metabolic Englaciation   Hex/Ice        2%         N/A       98%         5
 Statue Form              Tmut/Erth      0%         N/A       100%        6
 Orb of Destruction       Conj           13%        9d7       100%        7
 Spellforged Servitor     Conj/Summ      7%         N/A       100%        7


Dungeon Overview and Level Annotations

Branches:
Dungeon (4/15)
 Temple: D:4-7

Altars:
Hepliaklqana

Shops:
D:2 [


Innate Abilities, Weirdness & Mutations

You have a beak for a mouth.
You have claws for feet.
Your magical nature lets you fly swiftly and evasively.


Message History

There is an open door here.
You reach down and open the door.
There is an open door here.
You now have 124 gold pieces (gained 13).
You now have 136 gold pieces (gained 12).
Found a flail.
You reach down and open the door.
There is an open door here.
Found a stone staircase leading down.
You see here 3 boomerangs.
There is an open door here.
You reach down and open the door.
An ogre comes into view. It is wielding a +0 giant club.
An ogre is nearby!
An ogre is nearby!
The ogre shouts!
Casting: Magic Dart (safe; 1% risk of failure)
Confirm with . or Enter, or press ? or * to list all spells.
Aiming: Searing Ray (safe; 1% risk of failure)
Press: ? - help, Shift-Dir - straight line, f - ogre
Aim: an ogre, wielding a +0 giant club (90% to hit)
The searing ray hits the ogre.
The ogre is lightly wounded. (Press . to maintain the ray.)
The searing ray hits the ogre.
The ogre is moderately wounded.
The searing ray misses the ogre.
The ogre barely misses you.
The searing ray misses the ogre.
You finish channelling your searing ray.
Casting: Searing Ray (safe; 1% risk of failure)
Confirm with . or Enter, or press ? or * to list all spells.
Aiming: Searing Ray (safe; 1% risk of failure)
Press: ? - help, Shift-Dir - straight line, f/p - ogre
Aim: an ogre, wielding a +0 giant club (moderately wounded, 90% to hit)
Okay, then.
You hit the ogre.
The ogre is heavily wounded.
The ogre hits you with a +0 giant club!!!
Ouch! That really hurt!
You die...

#.......................#...
#.......................#...
#.....................>.##'#
#.).....##+#########+##.....
#.......'.............#.....
#.......#.....†.......#.....
#########.............#....>
......#.............#.....
......'.O@..........#.....
......#.............#.....
##### ########'######.....
................###
................#
................#
................#
.......(........#
................#


You could see an ogre.

Vanquished Creatures
  3 orc wizards (D:3)
  6 adders
  A dart slug (D:3)
  10 orcs (D:3)
  4 ball pythons
  9 endoplasms
  A giant cockroach (D:2)
  8 goblins
  3 hobgoblins
  4 jackals (D:1)
  8 kobolds
  5 bats
  3 frilled lizards
  2 rats (D:3)
67 creatures vanquished.

Notes
Turn   | Place    | Note
-------+----------+-------------------------------------------
     0 | D:1      | hikkokomori the Tengu Conjurer began the quest for the Orb.
     0 | D:1      | Reached XP level 1. HP: 10/10 MP: 4/4
   264 | D:1      | Reached XP level 2. HP: 16/16 MP: 3/6
   347 | D:1      | Reached skill level 1 in Fighting
   492 | D:1      | Reached XP level 3. HP: 20/20 MP: 5/7
   611 | D:1      | Learned a level 2 spell: Searing Ray
   867 | D:2      | Reached skill level 6 in Conjurations
  1004 | D:2      | Found Fotoq's Armour Emporium.
  1047 | D:2      | Reached XP level 4. HP: 26/26 MP: 4/8
  1554 | D:3      | Found a hazy altar of Hepliaklqana.
  1778 | D:3      | Learned a level 4 spell: Fulminant Prism
  1798 | D:3      | Gained mutation: Your magical nature lets you fly swiftly
                  | and evasively. [Tengu growth]
  1798 | D:3      | Reached XP level 5. HP: 29/30 MP: 3/9
  1804 | D:3      | Reached skill level 1 in Evocations
  1822 | D:3      | Reached skill level 1 in Hexes
  2324 | D:4      | Noticed an ogre
  2331 | D:4      | Mangled by an ogre

Illustrated notes

Levels and vault maps discovered:
D:1:      tarquinn_simple_flora_water_d, layout_rooms, minmay_tetromino_t4
D:2:      layout_rooms, serial_shops, nicolae_shop_hallway_plus
D:3:      layout_basic, nicolae_overflow_hidden_temple
D:4:      layout_gridville, ebering_ghost_rock_garden

Skill      XL: |  1  2  3  4  5 |
---------------+----------------+-----
Fighting       | 1 2 |  2.2
Conjurations   | 6 |  6.8
Stealth        | 3 |  3.3
Evocations     | 1 |  1.5
Hexes          | 1 |  1.1
Dodging        | |  2.1
Spellcasting   | |  2.0

Action                     |  1- 3 |  4- 6 || total
---------------------------+-------+-------++-------
  Melee: Short sword       |    24 |    43 ||    67
         Kick              |     6 |    15 ||    21
         Peck              |     3 |     4 ||     7
         Punch             |     1 |       ||     1
         Dagger            |       |     2 ||     2
   Cast: Magic Dart        |    51 |    39 ||    90
         Searing Ray       |     1 |     4 ||     5
 Armour: Robe              |    10 |     9 ||    19
  Dodge: Dodged            |    12 |    27 ||    39

Table legend: (Time is in decaauts)
 A = Elapsed time spent in this place.
 B = Non-inter-level travel time spent in this place.
 C = Inter-level travel time spent in this place.
 D = Time resting spent in this place.
 E = Time spent auto-exploring this place.
 F = Levels seen in this place.
 G = Mean time per level.
                   A        B        C        D        E       F      G
               +--------+--------+--------+--------+--------+-----+--------+
         Total |   2295 |   2259 |     36 |     61 |   1841 |   4 |  573.8 |
       Dungeon |   2295 |   2259 |     36 |     61 |   1841 |   4 |  573.8 |
               +--------+--------+--------+--------+--------+-----+--------+

Top non-repeatable levels by time:
     D:2: 799 daAuts
     D:3: 729 daAuts
     D:1: 622 daAuts
     D:4: 143 daAuts
